 Dungeon Crawl Stone Soup version 0.25-a0-185-g6cfeca75b2 (webtiles) character file.

Game seed: 16613838828717421088, levelgen mode: deterministic

158 MisterFreud the Firebug (level 5, 0/42 HPs)
             Began as a Naga Fire Elementalist on Nov 28, 2019.
             Killed by divine providence
             ... invoked by an orc priest
              (14 damage)
             ... on level 3 of the Dungeon.
             The game lasted 00:07:16 (2389 turns).

MisterFreud the Firebug (Naga Fire Elementalist)    Turns: 2389, Time: 00:07:17

Health: 0/42       AC:  3    Str: 10    XL:     5   Next: 40%
Magic:  9/9        EV:  9    Int: 17    God:
Gold:   82         SH:  0    Dex: 11    Spells: 8/9 levels left

rFire    . . .     SeeInvis +   e - +3 mace (drain)
rCold    . . .     Gourm    .   (no shield)
rNeg     . . .     Faith    .   a - +0 robe
rPois    +         Spirit   .   (no helmet)
rElec    .         Reflect  .   (no cloak)
rCorr    .         Harm     .   s - +0 pair of gloves
MR       .....                  (no barding)
Stlth    +.........             (no amulet)
HPRegen  0.14/turn              n - ring of attention (curse)
MPRegen  0.11/turn              (no ring)

@: drained, very slow
A: large, see invisible, deformed body, poison resistance, slowness 2, slow
metabolism 1, spit poison 1, AC +1
a: Spit Poison


You were on level 3 of the Dungeon.
You were not hungry.

You visited 1 branch of the dungeon, and saw 3 of its levels.

You collected 82 gold pieces.

Inventory:

Hand Weapons
 e - a +3 mace of draining (weapon)
 k - a +0 hunting sling
Missiles
 b - 77 stones (quivered)
 h - 13 arrows
 o - 8 poisoned darts
 p - 14 bolts
Armour
 a - a +0 robe (worn)
 m - a +2 leather armour of poison resistance
 s - a +0 pair of gloves (worn)
Jewellery
 n - a cursed ring of attention (left hand)
Scrolls
 d - a scroll of enchant weapon
 t - a scroll of remove curse
Potions
 f - a potion of curing
 g - 3 potions of heal wounds
 i - a potion of agility
 l - a potion of resistance
 q - a potion of lignification {unknown}
 r - a potion of haste {unknown}
 u - a potion of brilliance {unknown}
Comestibles
 c - 4 rations


   Skills:
 - Level 1.5(0.9) Dodging
 - Level 3.0(2.3) Stealth
 + Level 2.8(2.2) Spellcasting
 + Level 3.8(3.1) Conjurations
 + Level 3.8(3.1) Fire Magic


You had 8 spell levels left.
You knew the following spells:

 Your Spells              Type           Power        Failure   Level  Hunger
a - Flame Tongue          Conj/Fire      ##...        5%          1    #......

Your spell library contained the following spells:

 Spells                   Type           Power        Failure   Level  Hunger
 Throw Flame              Conj/Fire      ##....       8%          2    ###....
 Conjure Flame            Conj/Fire      ##......     16%         3    ###....
 Inner Flame              Hex/Fire       #.......     30%         3    ###....
 Sticky Flame             Conj/Fire      ##......     45%         4    #####..
 Fireball                 Conj/Fire      ##........   82%         5    ######.


Dungeon Overview and Level Annotations

Branches:
Dungeon (3/15)

Altars:


Innate Abilities, Weirdness & Mutations

You cannot wear boots.
Your serpentine skin is tough. (AC +1)
You have supernaturally acute eyesight. (SInv)
Armour fits poorly on your strangely shaped body.
Your system is resistant to poisons. (rPois)
You cover ground very slowly.
You have a slow metabolism.
You can spit poison.


Message History

The orc priest barely misses you.
You closely miss the orc priest.
The orc priest is moderately wounded.
The orc priest hits you with a +0 club.
You hit the orc priest but do no damage.
The orc priest is moderately wounded.
The orc priest hits you with a +0 club. x2
You hit the orc priest.
The orc priest is heavily wounded.
The orc priest calls down the wrath of Beogh upon you.
Beogh smites you!
You hit the orc priest. You drain the orc priest.
The orc priest is almost dead.
The orc priest closely misses you.
You closely miss the orc priest.
The orc priest is almost dead.
The orc priest begins to cast a cantrip, but forgets the words!
The orc priest invokes the aid of Beogh against you.
Beogh smites you!
You die...

..##.#.# #####.####
#....).. #.##.#.#
#........# #####.#.
#...<..#####..##.#..#
#.#.
####.##.......##.#..#
#.##
####.##.#........#..####
#.##
.....##.#.....#.........
#...
#######.###.........###
#### #............##
#..#####.#@### #.. #.#o#
#... #.#)# #.... .....
..... ..... #.....#


You could see an orc priest.

Vanquished Creatures
  An orc priest (D:3)
  3 adders
  2 oozes (D:2)
  2 worms
  5 dart slugs
  2 orcs (D:3)
  9 bats
  3 giant cockroaches (D:2)
  13 hobgoblins
  7 jackals
  6 kobolds
  A quokka (D:2)
  2 frilled lizards
  9 goblins
  8 rats
73 creatures vanquished.

Notes
Turn   | Place    | Note
-------+----------+-------------------------------------------
     0 | D:1      | MisterFreud the Naga Fire Elementalist began the quest for
                  | the Orb.
     0 | D:1      | Reached XP level 1. HP: 15/15 MP: 3/3
   279 | D:1      | Reached XP level 2. HP: 22/22 MP: 3/5
   617 | D:1      | Reached XP level 3. HP: 8/28 MP: 0/6
  1434 | D:2      | Reached XP level 4. HP: 34/36 MP: 7/7
  2198 | D:3      | Reached XP level 5. HP: 38/42 MP: 5/9
  2389 | D:3      | Killed from afar by an orc priest

Levels and vault maps discovered:
D:1:      lightli_arrival_isolated_outpost, layout_rooms
D:2:      layout_loops_corners
D:3:      layout_loops_cross, first_ration, uniq_robin

Skill      XL: |  1  2  3 |
---------------+----------+-----
Conjurations   | 2 3 |  3.8
Dodging        | |  1.5
Stealth        | |  3.0
Spellcasting   | |  2.8
Fire Magic     | |  3.8

Action                   |  1- 3 |  4- 6 || total
-------------------------+-------+-------++-------
Melee: Unarmed           |     4 |       ||     4
       Mace              |    34 |    37 ||    71
 Cast: Flame Tongue      |    25 |    19 ||    44
 Abil: Spit Poison       |    28 |    24 ||    52
  Use: Scroll            |     7 |       ||     7
 Stab: Sleeping          |     1 |       ||     1
  Eat: Chunk             |     3 |     5 ||     8
Armor: Robe              |    16 |     5 ||    21
Dodge: Dodged            |    27 |    10 ||    37

Table legend:
 A = Non-vault XP
 B = Vault XP
 C = Vault XP percentage of total XP
 D = Non-vault monster count
 E = Vault monster count
 F = Vault count percentage of total count
                 A         B        C        D         E       F
            +---------+---------+-------+---------+---------+-------
      Total |     227 |       0 |   0.0 |      73 |       0 |   0.0
            +---------+---------+-------+---------+---------+-------
        D:1 |      43 |       0 |   0.0 |      23 |       0 |   0.0
        D:2 |      81 |       0 |   0.0 |      29 |       0 |   0.0
        D:3 |     103 |       0 |   0.0 |      21 |       0 |   0.0
            +---------+---------+-------+---------+---------+-------
